 Dungeon Crawl Stone Soup version 0.23.0-3-gf3c87f2 (webtiles) character file.

Game seed: 8184550384465322745

9 xccam the Insei (level 2, -5/18 HPs)
             Began as an Octopode Transmuter on Feb 21, 2019.
             Slain by a goblin
             ... wielding a +2 dagger of electrocution
              (16 damage)
             ... on level 1 of the Dungeon.
             The game lasted 00:00:39 (136 turns).

xccam the Insei (Octopode Transmuter)                Turns: 136, Time: 00:00:40

Health: -5/18      AC:  1    Str:  9    XL:     2   Next: 12%
Magic:  4/5        EV: 13    Int: 15    God:
Gold:   1          SH:  0    Dex: 12    Spells: 2/5 levels left

rFire    . . .     SeeInvis .     - Unarmed
rCold    . . .     Gourm    .   (no shield)
rNeg     . . .     Faith    .   (helmet restricted)
rPois    .         Spirit   .   (no amulet)
rElec    .         Reflect  .   (no ring)
rCorr    .         Harm     .   (no ring)
MR       .....                  (no ring)
Stlth    ++........             (no ring)
HPRegen  0.06/turn              (no ring)
MPRegen  0.09/turn              (no ring)
                                (no ring)
                                (no ring)

@: appendage
A: almost no armour, stealthy swim, amphibious, 8 rings, constrict 8, tentacle
spike 3, camouflage 1, gelatinous body 1
a: End Transformation


You were on level 1 of the Dungeon.
You were not hungry.
One of your tentacles had a temporary spike.
You visited 1 branch of the dungeon, and saw 1 of its levels.

You collected 1 gold pieces.

Inventory:

Missiles
 a - 12 arrows
Scrolls
 b - a scroll of fog {unknown}
 d - a scroll of amnesia {unknown}
 e - a scroll of blinking {unknown}
 f - a scroll of teleportation {unknown}
Comestibles
 c - a ration


   Skills:
 - Level 1.0 Fighting
 - Level 2.0 Dodging
 + Level 3.5 Unarmed Combat
 - Level 2.0 Spellcasting
 + Level 2.0 Transmutations


You had 2 spell levels left.
You knew the following spells:

 Your Spells              Type           Power        Failure   Level  Hunger
a - Beastly Appendage     Tmut           #.....       10%         1    #......
b - Sticks to Snakes      Tmut           #.......     14%         2    ###....

Your spell library contained the following spells:

 Spells                   Type           Power        Failure   Level  Hunger
 Spider Form              Tmut/Pois      #.........   41%         3    ###....
 Ice Form                 Ice/Tmut       #.......     82%         4    #####..
 Blade Hands              Tmut           #.........   95%         5    ######.


Dungeon Overview and Level Annotations

Branches:
Dungeon (1/15)

Altars:


Innate Abilities, Weirdness & Mutations

You cannot wear most types of armour.
You are very stealthy in the water. (Stealth+)
You are amphibious.
You can wear up to eight rings at the same time.
You can use your tentacles to constrict eight enemies at once.
Your skin changes colour to match your surroundings (Stealth+).
Your rubbery body absorbs attacks. (AC +1, EV +1)
One of your tentacles bears a large vicious spike.


Message History

The goblin is wielding a +2 dagger of electrocution.
Found a fizzy coppery potion.
A goblin comes into view.
The goblin shouts!
Cast which spell? (? or * to list) One of your tentacles grows a vicious spike.
The hobgoblin shouts!
The goblin shouts!
You closely miss the rat. You grab the rat.
You pierce the rat.
You kill the rat!
You tentacle-slap the hobgoblin but do no damage.
Your grab misses the hobgoblin. The hobgoblin closely misses you.
You closely miss the goblin. Your grab misses the goblin.
Your squeeze misses the goblin. The hobgoblin hits you with a +0 club.
The goblin barely misses you. The kobold hits you but does no damage.
You closely miss the goblin. Your grab misses the goblin.
You squeeze the goblin, but do no damage.
The goblin hits you with a +2 dagger of electrocution.
You are electrocuted!
Ouch! That really hurt!
You die...

..$..###+########.....##.........
.....# .......##......#.........
.....####......# ......##........
...............##......##........
.....#...............# #.........
.....................#...........
#.).......†..........##..........
#................g....#..........
#...............@g....#..........
.................Kg..............
.................................
........#........................
........#........................
........#.....................#..
...######.......$................
... ........................#.
... ........#................#.


You could see a hobgoblin, 2 goblins and a kobold.

Vanquished Creatures
  A giant cockroach (D:1)
  3 goblins (D:1)
  A hobgoblin (D:1)
  A frilled lizard (D:1)
  2 rats (D:1)
8 creatures vanquished.

Notes
Turn   | Place    | Note
-------+----------+-------------------------------------------
     0 | D:1      | xccam the Octopode Transmuter began the quest for the Orb.
     0 | D:1      | Reached XP level 1. HP: 13/13 MP: 3/3
   105 | D:1      | Reached XP level 2. HP: 15/18 MP: 5/5
   110 | D:1      | Learned a level 2 spell: Sticks to Snakes
   136 | D:1      | Slain by a goblin

Action                   || total
-------------------------++-------
Melee: Unarmed           ||    17
       Constrict         ||     4
       Tentacles         ||     2
       Kick              ||     1
 Cast: Beastly Appendage ||     1
 Stab: Sleeping          ||     3
Armor: Skin              ||     1
Dodge: Dodged            ||     8
